 Dungeon Crawl Stone Soup version 0.22.1-6-g1668fe2c40 (webtiles) character file.

87 Kohma the Vexing (level 4, 0/21 HPs)
             Began as a Spriggan Enchanter on Jan 21, 2019.
             Succumbed to an adder's poison
             ... on level 2 of the Dungeon.
             The game lasted 00:09:06 (4025 turns).

Kohma the Vexing (Spriggan Enchanter)               Turns: 4025, Time: 00:09:06

Health: 0/21       AC:  2    Str:  4    XL:     4   Next: 28%
Magic:  10/10      EV: 18    Int: 21    God:
Gold:   87         SH:  0    Dex: 17    Spells: 1/10 levels left

rFire    + . .     SeeInvis +   a - +1 dagger
rCold    + . .     Gourm    .   (shield restricted)
rNeg     . . .     Faith    .   b - +0 robe
rPois    .         Spirit   .   (helmet restricted)
rElec    .         Reflect  .   h - scarf {rC+ rF+}
rCorr    .         Harm     .   (gloves unavailable)
MR       .....                  (boots unavailable)
Stlth    +++.......             (no amulet)
HPRegen  0.07/turn              (no ring)
MPRegen  0.12/turn              (no ring)

@: brilliant, lethally poisoned (0 -> -12), flying, very quick
A: very small, unfitting armour, see invisible, herbivore, speed 3, slow
metabolism 2
a: no special abilities


You were on level 2 of the Dungeon.
You were not hungry.

You visited 1 branch of the dungeon, and saw 3 of its levels.

You collected 87 gold pieces.

Inventory:

Hand Weapons
 a - a +1 dagger (weapon)
Missiles
 f - 31 poisoned needles
 g - 119 stones (quivered)
Armour
 b - a +0 robe (worn)
 h - a scarf of resistance (worn)
Scrolls
 c - 2 scrolls of teleportation
 e - a scroll of noise
 i - a scroll of identify
 j - a scroll of remove curse
 l - a scroll of magic mapping {unknown}
Potions
 m - a potion of flight
Comestibles
 d - a ration


   Skills:
 - Level 1.1 Short Blades
 - Level 3.0 Dodging
 - Level 4.4 Stealth
 + Level 3.8 Spellcasting
 * Level 5.5 Hexes


You had one spell level left.
You knew the following spells:

 Your Spells              Type           Power        Failure   Level  Hunger
a - Corona                Hex            #####..      1%          1    None
b - Ensorcelled Hibernat  Hex/Ice        ####..       1%          2    #......
c - Confuse               Hex            #####...     1%          3    ###....
d - Tukima's Dance        Hex            #####...     1%          3    ###....

Your spell library contained the following spells:

 Spells                   Type           Power        Failure   Level  Hunger
 Dazzling Spray           Conj/Hex       ####..       1%          3    ###....


Dungeon Overview and Level Annotations

Branches:
Dungeon (3/15)

Altars:


Innate Abilities, Weirdness & Mutations

You are very small and have problems with some larger weapons.
You are too small for most types of armour.
You have supernaturally acute eyesight. (SInv)
You are a herbivore.
You cover ground extremely quickly.
You need to consume almost no food.


Message History

* * * LOW HITPOINT WARNING * * *
You feel sick.
It was a potion of brilliance.
You feel clever all of a sudden.
* * * LOW HITPOINT WARNING * * *
You feel sick.
As you read the scroll labeled NUXTEE UFRUO, it crumbles to dust.
You feel strangely unstable.
It was a scroll of teleportation.
* * * LOW HITPOINT WARNING * * *
You feel sick.
As you read the scroll labeled OJARHUMAMO, it crumbles to dust.
You hear a loud clanging noise!
It was a scroll of noise.
* * * LOW HITPOINT WARNING * * *
You feel sick.
As you read the scroll labeled JULAXK QYFF, it crumbles to dust.
It is a scroll of identify.
j - a scroll of remove curse Your surroundings seem slightly different.
You die...

.........#.##..##.#.#.#.#
#.##
.........#.##...#.#.#.#.#
#.##
########.#.##.#.#.#.#.#.#
#.## #.#.##.#.[.#.#.#.# #.##
#.#.#......#.#.#.######.##
#.#.#..##.)#.#...........#
#.#.#..#.........#########
#.#.#..#...#..............
#.#.#...<@.###############
#.#.#.##...##############
#.#......ยง>.............#
#.#......##############.#
#####.#..............#....#.#
#.....##.....#######.#.#..#.#
#.....##..[..# #.#.#.##.#
#.....##.....# #.#......#
#.....######## #.###.####


There were no monsters in sight!

Vanquished Creatures
  An adder (D:2)
  An ooze (D:2)
  A worm (D:2)
  3 dart slugs
  A leopard gecko (D:1)
  8 bats
  5 giant cockroaches
  7 goblins
  9 hobgoblins
  3 jackals (D:2)
  4 frilled lizards
  7 kobolds
  9 rats
59 creatures vanquished.

Notes
Turn   | Place    | Note
-------+----------+-------------------------------------------
     0 | D:1      | Kohma the Spriggan Enchanter began the quest for the Orb.
     0 | D:1      | Reached XP level 1. HP: 9/9 MP: 5/5
   274 | D:1      | Reached skill level 4 in Hexes
   293 | D:1      | Reached XP level 2. HP: 4/13 MP: 7/7
   508 | D:1      | Learned a level 2 spell: Ensorcelled Hibernation
  1484 | D:1      | Reached XP level 3. HP: 16/16 MP: 8/8
  2121 | D:1      | Reached skill level 5 in Hexes
  2913 | D:2      | Learned a level 3 spell: Confuse
  2917 | D:2      | Learned a level 3 spell: Tukima's Dance
  3018 | D:2      | Reached XP level 4. HP: 19/21 MP: 5/10
  4024 | D:2      | HP: 1/21 [poisoned by an adder]
  4025 | D:2      | Succumbed to an adder's poison

Skill      XL: |  1  2  3 |
---------------+----------+-----
Hexes          | 4 5 |  5.5
Spellcasting   | 3 |  3.8
Short Blades   | |  1.1
Dodging        | |  3.0
Stealth        | |  4.4

Action                   |  1- 3 |  4- 6 || total
-------------------------+-------+-------++-------
Melee: Dagger            |   196 |    47 ||   243
 Cast: Corona            |     1 |       ||     1
       Ensorcelled Hiber |    14 |     3 ||    17
       Confuse           |     1 |       ||     1
  Use: Scroll            |       |     3 ||     3
       Potion            |       |     2 ||     2
 Stab: Sleeping          |    16 |     3 ||    19
       Confused          |     1 |       ||     1
  Eat: Ration            |       |     1 ||     1
Armor: Robe              |    31 |     2 ||    33
Dodge: Dodged            |   172 |    36 ||   208
